 Dungeon Crawl Stone Soup version 0.17.0-23-g0de4337 (webtiles) character file.

28430 st0uf the Thaumaturge (level 13, -10/86 HPs)
             Began as a Pale Draconian Fire Elementalist on Nov 13, 2015.
             Was the Champion of Okawaru.
             Killed from afar by a frost giant (55 damage)
             ... with a bolt of cold
             ... in an ice cave.
             The game lasted 02:37:56 (16482 turns).

st0uf the Thaumaturge (DrFE)                       Turns: 16482, Time: 02:37:56

Health: -10/86     AC: 15    Str: 11    XL:     13   Next: 9%
Magic:  12/36      EV: 17    Int: 20    God:    Okawaru [******]
Gold:   338        SH:  0    Dex: 12    Spells: 4 memorised, 20 levels left

rFire  . . .     SeeInvis +     w - +3 flail (protect)
rCold  . . .     Clarity  .     (armour unavailable)
rNeg   . . .     SustAt   .     (no shield)
rPois  +         Gourm    .     (helmet restricted)
rElec  .         Spirit   .     Y - +0 cloak {rPois}
rCorr  .         Warding  .     B - +0 pair of gloves {archery}
rMut   .         Stasis   .     (no boots)
MR     .....                    k - amulet of regeneration
Stlth  ++........               S - ring of see invisible
                                I - ring of magical power

@: not resistant to hostile enchantments, unstealthy
A: breathe steam, unfitting armour, mutation resistance 1, screaming 1,
cold-blooded, AC +8
a: Breathe Steam, Heroism, Finesse, Renounce Religion


You were in an ice cave.
You worshipped Okawaru.
Okawaru was exalted by your worship.
You were not hungry.

You visited 2 branches of the dungeon, and saw 14 of its levels.
You also visited: Bailey and Ice Cave.

You collected 1603 gold pieces.
You spent 1265 gold pieces at shops.

Inventory:

Hand Weapons
 w - a +3 flail of protection (weapon)
 U - the +4 quarterstaff of the Skies Above {vamp, rElec Str-2 Int+8, unknown}
   (Okawaru gifted it to you on level 10 of the Dungeon)

   It inflicts no extra harm, but heals its wielder somewhat when it strikes a
   living foe.
   It affects your strength (-2).
   It affects your intelligence (+8).
   It insulates you from electricity.
Missiles
 d - 395 stones (quivered)
 E - 4 throwing nets
Armour
 B - a +0 pair of gloves of archery (worn)
 H - a +0 shield of fire resistance
 Y - a +0 cloak of poison resistance (worn)
Magical Staves
 u - an uncursed staff of cold
Rods
 N - a +8 rod of inaccuracy (16/16)
   (You bought it in a shop on level 10 of the Dungeon)
Jewellery
 f - an uncursed ring of protection from cold
 k - an amulet of regeneration (around neck)
 r - an uncursed amulet of resist mutation
 I - a ring of magical power (left hand)
 Q - an uncursed ring of fire
 S - a ring of see invisible (right hand)
Wands
 h - a wand of draining (4)
 x - a wand of draining (0)
 A - a wand of digging (17)
 C - a wand of disintegration (17)
 F - a wand of disintegration (12)
 G - a wand of lightning (8)
 P - a wand of disintegration (20)
 X - a wand of digging (6)
Scrolls
 c - 2 scrolls of blinking
 i - 2 scrolls of identify
 o - a scroll of brand weapon
 q - a scroll of enchant weapon
 s - a scroll of summoning
 y - 6 scrolls of remove curse
 z - a scroll of magic mapping
 J - 3 scrolls of amnesia {unknown}
 K - a scroll of immolation
 O - 2 scrolls of enchant armour {unknown}
 V - 2 scrolls of teleportation {unknown}
 Z - a scroll of holy word
Potions
 e - 4 potions of curing
 g - a potion of cure mutation
 j - a potion of resistance
 p - 3 potions of heal wounds
 v - 2 potions of brilliance
 D - 2 potions of haste
 L - a potion of cancellation
 M - a potion of agility
 R - 4 potions of magic
 T - a potion of flight
Books
 a - a book of Flames

   Spells                             Type                      Level
   a - Flame Tongue                   Conjuration/Fire             1
   b - Throw Flame                    Conjuration/Fire             2
   c - Conjure Flame                  Conjuration/Fire             3
   d - Inner Flame                    Hexes/Fire                   3
   e - Sticky Flame                   Conjuration/Fire             4
   f - Fireball                       Conjuration/Fire             5
Miscellaneous
 m - a phial of floods
 W - a box of beasts
Comestibles
 b - 10 bread rations
 l - a royal jelly
 n - 14 meat rations
 t - 26 chunks of flesh


   Skills:
 + Level 10.5 Dodging
 - Level 1.7 Stealth
 + Level 4.2 Shields
 + Level 10.6 Spellcasting
 - Level 10.3 Conjurations
 - Level 10.0 Fire Magic
 + Level 8.0 Evocations


You had 20 spell levels left.
You knew the following spells:

 Your Spells              Type           Power        Failure   Level  Hunger
a - Flame Tongue          Conj/Fire      #####        1%          1    None
b - Conjure Flame         Conj/Fire      ######..     1%          3    None
c - Sticky Flame          Conj/Fire      ######..     1%          4    ##.....
d - Fireball              Conj/Fire      ######....   3%          5    ####...


Dungeon Overview and Level Annotations

Branches:
Dungeon (11/15)            Temple (0/1) D:5            Lair (3/8) D:11
 Spider (0/4) Lair:3          Orc (0/4) D:11
  Swamp: Lair:3-6    Shoals: Lair:3-6

Altars:
Dithmenos
Fedhas
Gozag
Kikubaaqudgha
Nemelex Xobeh
Okawaru
Qazlal
Sif Muna
The Shining One

Shops:
D:4 ?   D:10 }   D:11 [


Innate Abilities, Weirdness & Mutations

You can breathe blasts of scalding, opaque steam.
Your pale cyan-grey scales are hard (AC +8).
Your body does not fit into most forms of armour.
You are cold-blooded and may be slowed by cold attacks.
You are somewhat resistant to further mutation.
You occasionally shout uncontrollably at your foes.


Message History

Okawaru accepts your kill.
You start resting.
Casting: Sticky Flame
Confirm with . or Enter, or press ? or * to list all spells.
Aiming: Sticky Flame
Press: ? - help, Shift-Dir - straight line, f - frost giant
Aim: a frost giant, wielding a battleaxe of freezing (flame)
The sticky flame hits the frost giant.
The frost giant is lightly wounded.
The frost giant is covered in liquid flames!
The frost giant burns!
The frost giant is engulfed in roaring flames.
The frost giant closely misses you.
The frost giant burns!
The frost giant is engulfed in roaring flames.
The frost giant burns!
The frost giant casts a spell at you. The bolt of cold hits you!
Ouch! That really hurt!
You die...

## #.##
####.Y.# #
#.#YChh#$| .##
##§#..h...#
##.# ##[#hh#
#..# #C##.##
##..##
##.#####
#....##
##@#..##
##.....#
#..#...#
#...#..##
#...##.##
##..###..#
#.⌠###..#
#..##
##.####..###.#
#.## #..#
#####..# #.##
#..## ##...###
##.# ##..#
#...#..# ##.#
##.# #...#.##


You could see a frost giant (burning).

Vanquished Creatures
  A hydra (Lair:1)
  A death yak (IceCv)
  Pikel (D:5)
  2 hill giants
  2 ugly things (D:11)
  An elephant (D:11)
  Maurice (D:10)
  An ice statue (IceCv)
  Psyche (D:11)
  2 gargoyles
  4 spiny frogs (Lair:2)
  4 komodo dragons
  2 trolls
  16 polar bears (IceCv)
  A two-headed ogre (D:8)
  3 blink frogs (Lair:3)
  A spriggan (Lair:2)
  20 yaks
  2 basilisks (Lair:2)
  A wraith (D:11)
  Menkaure (D:5)
  5 hippogriffs
  Edmund (D:5)
  25 wolves
  6 water moccasins
  Duvessa (D:6)
  7 orc warriors
  A wasp (D:9)
  A black bear (D:6)
  11 ice beasts
  3 porcupines
  4 sky beasts
  5 crocodiles
  6 centaurs
  2 slaves (D:4)
  6 ogres
  3 big kobolds
  5 giant frogs
  A wyvern skeleton (D:10)
  2 scorpions
  9 gnoll sergeants
  Dowan (D:6)
  A centaur zombie (D:11)
  2 vampire bats (D:7)
  5 wights (D:8)
  6 crimson imps
  8 jellies
  A giant frog skeleton (D:10)
  5 hounds
  8 gnoll shamans
  3 hell rats (Lair:2)
  Crazy Yiuf (D:4)
  6 iguanas
  Ijyb (D:1)
  3 orc priests
  A centaur skeleton (D:4)
  9 orc wizards
  10 worker ants
  A sheep (D:11)
  Robin (D:2)
  48 gnolls
  17 adders
  4 shadow imps
  55 river rats
  3 oozes
  3 adder skeletons
  6 giant geckos
  49 orcs
  5 giant cockroaches
  14 hobgoblins
  14 jackals
  18 kobolds
  5 quokkas
  12 bats
  A giant gecko skeleton (D:6)
  21 goblins
  A jackal zombie (D:5)
  27 rats
  A butterfly (D:5)
  A fungus (Lair:2)
550 creatures vanquished.

Vanquished Creatures (others)
  A crimson imp (D:5)
  A hobgoblin (D:1)
  A butterfly (D:5)
  3 fungi
6 creatures vanquished.

Grand Total: 556 creatures vanquished

Notes
Turn   | Place    | Note
--------------------------------------------------------------
     0 | D:1      | st0uf the Draconian Fire Elementalist began the quest for the Orb.
     0 | D:1      | Reached XP level 1. HP: 14/14 MP: 3/3
   192 | D:1      | Reached XP level 2. HP: 20/20 MP: 0/5
  1017 | D:2      | Reached XP level 3. HP: 26/26 MP: 4/6
  1165 | D:2      | Noticed Ijyb
  1309 | D:1      | Killed Ijyb
  1309 | D:1      | Reached XP level 4. HP: 19/33 MP: 1/7
  1459 | D:2      | Found an iron altar of Okawaru.
  1467 | D:2      | Became a worshipper of Warmaster Okawaru
  1557 | D:2      | Learned a level 3 spell: Conjure Flame
  1659 | D:2      | Noticed Robin
  1749 | D:2      | Killed Robin
  1749 | D:2      | Reached XP level 5. HP: 38/38 MP: 3/9
  2302 | D:3      | Reached skill level 4 in Fire Magic
  3203 | D:4      | Reached XP level 6. HP: 45/45 MP: 6/10
  3929 | D:4      | Found Uvvegh's Magic Scroll Shoppe.
  3932 | D:4      | Bought a scroll of identify for 20 gold pieces
  3932 | D:4      | Bought 3 scrolls of identify for 60 gold pieces
  3932 | D:4      | Bought a scroll of identify for 20 gold pieces
  3944 | D:4      | Found a sparkling altar of Nemelex Xobeh.
  3944 | D:4      | Found a deep blue altar of Sif Muna.
  4088 | D:4      | Noticed Crazy Yiuf
  4118 | D:4      | Killed Crazy Yiuf
  4194 | D:5      | Entered Level 5 of the Dungeon
  4232 | D:5      | Noticed a yak
  4232 | D:5      | Noticed a yak
  4232 | D:5      | Noticed a yak
  4232 | D:5      | Noticed a yak
  4279 | D:4      | Killed a yak
  4279 | D:4      | Reached * piety under Okawaru
  4279 | D:4      | Reached skill level 5 in Fire Magic
  4279 | D:4      | Your scales start taking on a pale cyan-grey colour.
  4279 | D:4      | Reached XP level 7. HP: 16/50 MP: 3/13
  4402 | D:5      | Noticed a yak
  4412 | D:5      | Killed a yak
  4413 | D:5      | Killed a yak
  4413 | D:5      | Noticed a yak
  4414 | D:5      | Killed a yak
  4414 | D:5      | Reached XP level 8. HP: 43/57 MP: 10/15
  4416 | D:5      | Killed a yak
  4416 | D:5      | Reached ** piety under Okawaru
  4416 | D:5      | Reached skill level 6 in Fire Magic
  4421 | D:5      | Killed a yak
  4421 | D:5      | Reached skill level 5 in Spellcasting
  4421 | D:5      | Reached skill level 5 in Conjurations
  4630 | D:5      | Noticed Menkaure
  4637 | D:5      | Learned a level 4 spell: Sticky Flame
  4690 | D:5      | Killed Menkaure
  4690 | D:5      | Reached skill level 5 in Dodging
  4761 | D:5      | Found a staircase to the Ecumenical Temple.
  4836 | D:5      | Noticed Edmund
  4967 | D:5      | Killed Edmund
  5168 | D:5      | Noticed Pikel
  5365 | D:5      | Killed Pikel
  5365 | D:5      | Reached *** piety under Okawaru
  5365 | D:5      | Reached skill level 7 in Fire Magic
  5365 | D:5      | Reached XP level 9. HP: 42/62 MP: 10/17
  6167 | D:6      | Reached **** piety under Okawaru
  6228 | D:6      | Found a blossoming altar of Fedhas.
  6500 | D:6      | Noticed Dowan
  6513 | D:6      | Killed Dowan
  6515 | D:6      | Noticed Duvessa
  6527 | D:6      | Killed Duvessa
  6649 | D:6      | Reached skill level 8 in Fire Magic
  6939 | D:7      | Found an ancient bone altar of Kikubaaqudgha.
  6957 | D:7      | Found a flagged portal.
  6975 | Bailey   | Entered a bailey
  7348 | Bailey   | Reached XP level 10. HP: 69/69 MP: 13/20
  7988 | D:7      | Reached ***** piety under Okawaru
  7992 | D:7      | Gained mutation: You are somewhat resistant to further mutation. [mutagenic meat]
  7994 | D:7      | Gained mutation: You occasionally shout uncontrollably at your foes. [mutagenic meat]
  8672 | D:8      | Reached skill level 9 in Fire Magic
  8718 | D:8      | Found an opulent altar of Gozag.
  8733 | D:8      | Found a shadowy altar of Dithmenos.
  9306 | D:8      | Got a faintly glowing falchion
  9314 | D:8      | Identified the +2 falchion "Fedeomat" {freeze, rF- Str+7} (You found it on level 8 of the Dungeon)
  9581 | D:8      | Found a glowing golden altar of the Shining One.
  9737 | D:8      | Found a stormy altar of Qazlal.
 10324 | D:10     | Entered Level 10 of the Dungeon
 10497 | D:10     | Found Ekhal's Gadget Boutique.
 10504 | D:10     | Bought a +4 rod of inaccuracy (13/13) for 1070 gold pieces
 10582 | D:10     | Received a gift from Okawaru
 10587 | D:10     | Noticed a hill giant
 10593 | D:10     | Killed a hill giant
 10593 | D:10     | Reached XP level 11. HP: 74/74 MP: 7/23
 10618 | D:10     | Got a polished quarterstaff {god gift}
 10622 | D:10     | Reached skill level 10 in Fire Magic
 11139 | D:10     | Reached skill level 1 in Evocations
 11250 | D:10     | Noticed Maurice
 11266 | D:10     | Killed Maurice
 11999 | D:11     | Found a staircase to the Orcish Mines.
 12008 | D:11     | Noticed a hill giant
 12017 | D:11     | Killed a hill giant
 12121 | D:11     | Found Nexkuhiy's Armour Boutique.
 12559 | D:4      | Bought a scroll of recharging for 95 gold pieces
 12766 | D:11     | Found a staircase to the Lair.
 12901 | D:11     | Received a gift from Okawaru
 13017 | D:11     | Noticed Psyche
 13027 | D:11     | Killed Psyche
 13121 | Lair:1   | Entered Level 1 of the Lair of Beasts
 13184 | Lair:1   | Reached ****** piety under Okawaru
 13399 | Lair:1   | Noticed a four-headed hydra
 13411 | Lair:1   | Killed a four-headed hydra
 13411 | Lair:1   | Reached skill level 5 in Evocations
 13522 | Lair:1   | Reached XP level 12. HP: 53/81 MP: 25/25
 13674 | Lair:1   | Reached skill level 10 in Conjurations
 14993 | Lair:2   | Received a gift from Okawaru
 15104 | Lair:3   | Learned a level 5 spell: Fireball
 15204 | Lair:3   | Found a frozen archway.
 15209 | Lair:3   | Reached skill level 1 in Shields
 15255 | Lair:3   | Reached skill level 10 in Spellcasting
 15299 | IceCv    | Entered an ice cave
 15692 | IceCv    | Reached skill level 10 in Dodging
 16284 | IceCv    | Reached XP level 13. HP: 86/86 MP: 12/27
 16459 | IceCv    | Noticed a frost giant
 16472 | IceCv    | Received a gift from Okawaru
 16482 | IceCv    | Killed from afar by a frost giant

Action                   |  1- 3 |  4- 6 |  7- 9 | 10-12 | 13-15 || total
-------------------------+-------+-------+-------+-------+-------++-------
Melee: Unarmed           |    35 |    44 |     7 |       |       ||    86
       Flail             |       |       |    13 |   199 |     4 ||   216
Throw: Stone             |       |       |     4 |       |       ||     4
 Cast: Flame Tongue      |    65 |   153 |   141 |   550 |    12 ||   921
       Conjure Flame     |       |     5 |    13 |    38 |     1 ||    57
       Sticky Flame      |       |       |    25 |    70 |     8 ||   103
       Fireball          |       |       |       |     8 |       ||     8
Invok: Heroism           |       |       |     1 |       |       ||     1
 Abil: Breathe Steam     |       |       |    31 |   114 |       ||   145
Evoke: Rod               |       |       |       |    18 |       ||    18
       Wand              |       |       |       |       |     1 ||     1
  Use: Scroll            |       |       |    15 |    19 |       ||    34
       Potion            |       |       |     1 |       |       ||     1
  Eat: Chunk             |     2 |    11 |    14 |    51 |     1 ||    79
       Meat ration       |       |       |     1 |       |       ||     1
       Pizza             |       |       |       |     1 |       ||     1
       Beef jerky        |       |       |       |     2 |       ||     2
       Fruit             |       |       |       |     1 |       ||     1
